 Dungeon Crawl Stone Soup version 0.31-a0-656-gb4d89c20fa (webtiles) character file.

Game seed: 7452408170394849820

112 javelincjr the Conjurer (level 4, -4/30 HPs)
             Began as a Demonspawn Conjurer on Aug 30, 2023.
             Killed by divine providence
             ... invoked by an orc priest
              (9 damage)
             ... on level 3 of the Dungeon.
             The game lasted 00:06:51 (2504 turns).

javelincjr the Conjurer (Demonspawn Conjurer)       Turns: 2504, Time: 00:06:52

Health: -4/30      AC:  7    Str:  7    XL:     4   Next: 63%
Magic:  1/8        EV: 10    Int: 22    God:
Gold:   97         SH:  0    Dex: 11    Spells: 5/8 levels left

rFire   + + .        d - +0 dagger
rCold   + . .        (no shield)
rNeg    . . .        k - +0 ring mail "Tugups" {rF+ rCorr}
rPois   .            c - +0 helmet
rElec   .            p - scarf {rC+ rF+}
rCorr   +            (no gloves)
SInv    .            o - +0 pair of boots
Will    .....        (no amulet)
Stlth   +            m - ring of flight
HPRegen 0.25/turn    (no ring)
MPRegen 0.11/turn

%: no passive effects
@: flying
A: foul stench 1, demonic touch 1
a: no special abilities


You were on level 3 of the Dungeon.
You visited 1 branch of the dungeon, and saw 3 of its levels.

You collected 97 gold pieces.

Inventory:

Hand Weapons
 d - a +0 dagger (weapon)
Armour
 a - a +0 robe
 c - a +0 helmet (worn)
 k - the +0 ring mail "Tugups" (worn) {rF+ rCorr}
   (You found it on level 2 of the Dungeon)

   rF+:       It protects you from fire.
   rCorr:     It protects you from acid and corrosion.
 o - a +0 pair of boots (worn)
 p - a scarf of resistance (worn)
Jewellery
 m - a ring of flight (left hand)
Scrolls
 e - a scroll of noise {unknown}
 f - 2 scrolls of enchant armour {unknown}
 l - 2 scrolls of identify {unknown}
 n - a scroll of teleportation {unknown}
Potions
 b - a potion of magic
 g - a potion of resistance {unknown}
 h - 5 potions of curing {unknown}
 i - a potion of lignification {unknown}
 j - a potion of brilliance {unknown}


   Skills:
 + Level 1.0 Armour
 + Level 2.5 Dodging
 + Level 2.7 Stealth
 + Level 2.7 Spellcasting
 + Level 4.5 Conjurations


You had 5 spell levels left.
You knew the following spells:

 Your Spells              Type           Power      Damage    Failure   Level
a - Magic Dart            Conj           92%        1d7       7%          1
b - Searing Ray           Conj           46%        2d6       11%         2

Your spell library contained the following spells:

 Spells                   Type           Power      Damage    Failure   Level
 Apportation              Tloc           4%         N/A       41%         1
 Necrotise                Necr           8%         1d4       41%         1
 Summon Small Mammal      Summ           8%         N/A       41%         1
 Dazzling Flash           Conj/Hex       26%        N/A       45%         3
 Fulminant Prism          Conj/Hex       6%         3d6       86%         4
 Iskenderun's Mystic Bla  Conj/Tloc      13%        2d5       86%         4


Dungeon Overview and Level Annotations

Branches:
Dungeon (3/15)

Altars:
Ru


Innate Abilities, Weirdness & Mutations

You may rarely emit foul miasma when damaged in melee.
Your touch may inflict minor irresistible damage on your foes.


Message History

Aiming: Searing Ray (safe; 11% risk of failure)
Press: ? - help, Shift-Dir - straight line, f - orc priest
Aim: an orc priest, wielding a +0 club (78% to hit)
The searing ray hits the orc priest!
The orc priest is heavily wounded. (Press . to maintain the ray.)
The orc priest looks satisfied for a moment.
The searing ray hits the orc priest!
You kill the orc priest!
Your Armour skill increases to level 1!
Unknown command.
The orc priest begins to cast a cantrip, but forgets the words!
You closely miss the orc. The orc barely misses you.
You hit the orc. Your touch misses the orc.
The orc is lightly wounded.
The orc barely misses you.
You closely miss the orc.
You touch the orc.
You kill the orc!
The orc priest looks braver for a moment.
The orc priest barely misses you.
Things that are here:
a +0 mace; an orc corpse You hit the orc priest but do no damage.
The orc priest invokes the aid of Beogh against you.
Beogh smites you!
You closely miss the orc priest. The orc priest hits you with a +0 mace!
You are too injured to fight recklessly!
You are too injured to fight recklessly!
You barely miss the orc priest. The orc priest barely misses you.
You hit the orc priest but do no damage.
The orc priest hits you with a +0 mace.
* * * LOW HITPOINT WARNING * * *
You hit the orc priest.
You touch the orc priest!
The orc priest is severely wounded.
The orc priest misses you.
You hit the orc priest.
The orc priest is almost dead.
The orc priest invokes the aid of Beogh against you.
Beogh smites you!
You die...

#..#.#..##.....##.#####.##
#....#.)##.....##o# #.#
#........).....##.# #.#
#......#.......##.# #.#
##.#####...######o# #.#
##...## ##.## #.# #.#
##.....####.## #.# #.#
#...<...##...######.#
#.<.....##.#....@o..#
#............########
##.....####.## ##...## #.
##### #. #. ##


You could see an orc priest.

Vanquished Creatures
  An orc priest (D:3)
  A gnoll (D:2)
  2 adders (D:2)
  A dart slug (D:2)
  2 worms (D:2)
  3 orcs (D:3)
  6 ball pythons
  3 bats
  3 endoplasms (D:1)
  5 hobgoblins
  3 jackals (D:2)
  5 kobolds
  A quokka (D:1)
  A frilled lizard (D:2)
  4 goblins
  4 rats
45 creatures vanquished.

Notes
Turn   | Place    | Note
-------+----------+-------------------------------------------
     0 | D:1      | javelincjr the Demonspawn Conjurer began the quest for the
                  | Orb.
     0 | D:1      | Reached XP level 1. HP: 13/13 MP: 3/3
   200 | D:1      | Gained mutation: Your touch may inflict minor irresistible
                  | damage on your foes. [demonic ancestry]
   200 | D:1      | Reached XP level 2. HP: 19/19 MP: 0/5
  1076 | D:2      | Identified the +0 ring mail "Tugups" {rF+ rCorr}
  1160 | D:2      | Gained mutation: You may rarely emit foul miasma when
                  | damaged in melee. [demonic ancestry]
  1160 | D:2      | Reached XP level 3. HP: 24/24 MP: 2/6
  1213 | D:2      | Found a faded altar of an unknown god.
  1216 | D:2      | Noticed a golden eye
  1218 | D:2      | Noticed a floating eye
  1218 | D:2      | Noticed a shining eye
  1218 | D:2      | Noticed an eye of devastation
  1225 | D:2      | Prayed at the altar of an unknown god.
  1225 | D:2      | Became a worshipper of Ru the Awakened
  1226 | D:2      | Fell from the grace of Ru
  1429 | D:2      | Learned a level 2 spell: Searing Ray
  1937 | D:2      | Reached XP level 4. HP: 30/30 MP: 1/7
  2493 | D:3      | Reached skill level 1 in Armour
  2504 | D:3      | Killed from afar by an orc priest

Illustrated notes

Levels and vault maps discovered:
D:1:      erik_arrival_cave_to_civilisation [erik_arrival_cave_to_hall],
          layout_basic, kennysheep_flooded_box
D:2:      layout_basic, hellmonk_ecumenical_altar_watching_god, serial_bayou,
          serial_bayou_lake_a, serial_bayou_lagoon_a, serial_bayou_pond_b,
          serial_bayou_pond_b, serial_bayou_pond_d, serial_bayou_crossing
D:3:      layout_loops_cross, marbit_many_paths, serial_shops,
          nicolae_shop_just_a_little_nook, uniq_ijyb, uniq_natasha

Skill      XL: |  1  2  3  4 |
---------------+-------------+-----
Dodging        | 2 |  2.5
Stealth        | 2 |  2.7
Armour         | 1 |  1.0
Spellcasting   | |  2.7
Conjurations   | |  4.5

Action                     |  1- 3 |  4- 6 || total
---------------------------+-------+-------++-------
  Melee: Unarmed           |     5 |       ||     5
         Dagger            |    13 |    11 ||    24
         Touch             |     3 |     2 ||     5
   Cast: Magic Dart        |    66 |    10 ||    76
         Searing Ray       |       |     2 ||     2
 Invoke: Renounce Religion |     1 |       ||     1
   Stab: Sleeping          |     1 |       ||     1
 Armour: Robe              |     2 |       ||     2
         Ring mail         |     6 |     2 ||     8
  Dodge: Dodged            |    10 |     8 ||    18

Table legend: (Time is in decaauts)
 A = Elapsed time spent in this place.
 B = Non-inter-level travel time spent in this place.
 C = Inter-level travel time spent in this place.
 D = Time resting spent in this place.
 E = Time spent auto-exploring this place.
 F = Levels seen in this place.
 G = Mean time per level.
                   A        B        C        D        E       F      G
               +--------+--------+--------+--------+--------+-----+--------+
         Total |   2515 |   2485 |     30 |     37 |   2137 |   3 |  838.3 |
       Dungeon |   2515 |   2485 |     30 |     37 |   2137 |   3 |  838.3 |
               +--------+--------+--------+--------+--------+-----+--------+

Top non-repeatable levels by time:
     D:2: 1288 daAuts
     D:1: 1070 daAuts
     D:3: 156 daAuts
